 Dungeon Crawl Stone Soup version 0.32-a0-7-ge934b4519a (webtiles) character file.

Game seed: 2704906348241045075

525 timneilson the Ruffian (level 7, -5/46 HPs)
             Began as an Octopode Shapeshifter on Jan 13, 2024.
             Slain by Dowan
             ... wielding a +0 dagger
              (7 damage)
             ... on level 5 of the Dungeon.
             The game lasted 00:11:50 (3264 turns).

timneilson the Ruffian (Octopode Shapeshifter)      Turns: 3264, Time: 00:11:51

Health: -5/46      AC:  1    Str: 15    XL:     7   Next: 23%
Magic:  7/7        EV: 15    Int: 12    God:
Gold:   219        SH:  0    Dex: 18    Spells: 6/6 levels left

rFire   . .          .
                       - Unarmed
rCold   . . .        (no shield)
rNeg    . . .        (helmet currently unavailable)
rPois   .            (no amulet)
rElec   .            k - +6 ring of dexterity
rCorr   .            (no ring)
SInv    .            (no ring)
Will    .....        (no ring)
Stlth   ++++         (no ring)
HPRegen 0.27/turn    (no ring)
MPRegen 0.10/turn    (no ring)
                     (no ring)

%: no passive effects
@: beast-form
A: beast (slay +2), almost no armour, amphibious, 8 rings, camouflage 1,
gelatinous body 1, (nimble swimmer 1), tentacles
a: Begin Untransformation


You were on level 5 of the Dungeon.
You were a hulking beast.
You visited 1 branch of the dungeon, and saw 5 of its levels.

You collected 219 gold pieces.

Inventory:

Missiles
 o - a throwing net (quivered)
Jewellery
 k - a +6 ring of dexterity (left tentacle)
 m - a ring of wizardry
 n - a +6 ring of intelligence
Talismans
 b - a beast talisman
 c - a flux talisman
Scrolls
 d - 2 scrolls of teleportation
 h - a scroll of brand weapon
 j - 2 scrolls of torment
 l - 2 scrolls of identify
Potions
 a - 2 potions of lignification
 e - 2 potions of curing
 f - a potion of attraction
 g - 3 potions of haste
 i - a potion of might
 p - a potion of berserk rage {unknown}


   Skills:
 * Level 3.5 Fighting
 * Level 4.0 Dodging
 + Level 3.2 Stealth
 * Level 4.5 Unarmed Combat
 * Level 4.2 Shapeshifting


You had 6 spell levels left.
You didn't know any spells.
Your spell library contained the following spells:

 Spells                   Type           Power      Damage    Failure   Level
 Blink                    Tloc           0%         N/A       45%         2
 Lesser Beckoning         Tloc           0%         N/A       45%         2
 Momentum Strike          Conj/Tloc      0%         3d8       45%         2
 Scorch                   Fire           0%         2d5       45%         2
 Flame Wave               Conj/Fire      0%         2d4       97%         4
 Summon Cactus Giant      Summ           0%         N/A       100%        6


Dungeon Overview and Level Annotations

Branches:
Dungeon (5/15)
 Temple: D:4-7

Altars:
Wu Jian

Portals:
Abyss: D:3

Annotations:
D:3 2 transporters, runemasterragnar's ghost, weakling DrSh
D:5 Dowan; Duvessa


Innate Abilities, Weirdness & Mutations

You are a hulking beast.
Your limbs bulge with bestial killing power. (Slay +2)
You cannot wear most types of armour.
You are amphibious.
You can wear up to eight rings at the same time.
Your skin changes colour to match your surroundings (Stealth+).
Your rubbery body absorbs attacks. (AC +1, EV +1)
((You are camouflaged when in or above water. (Stealth+)))
You have tentacles for arms and can constrict up to eight enemies at once.


Message History

You tentacle-slap Duvessa but do no damage.
You grab Duvessa.
You constrict Duvessa, but do no damage.
Duvessa completely misses you.
Dowan says, "My weaknesses are her strengths!"
Dowan hits you with a +0 dagger.
You tentacle-slap Duvessa but do no damage.
You constrict Duvessa, but do no damage.
Duvessa closely misses you. Dowan closely misses you. The hound misses you.
You tentacle-slap Duvessa. You squeeze Duvessa.
Duvessa is moderately wounded.
You constrict Duvessa. Duvessa completely misses you.
Dowan casts a spell.
Dowan blinks!
The hound barely misses you.
You tentacle-slap Duvessa but do no damage.
Duvessa is moderately wounded.
You constrict Duvessa, but do no damage.
The hound bites you. Duvessa closely misses you. The hound misses you.
Unknown command.
You tentacle-slap Duvessa.
Duvessa is moderately wounded.
You constrict Duvessa.
Dowan smirks and points a slender finger.
Dowan hits you with a +0 dagger. Duvessa hits you with a +0 rapier!
The hound bites you.
You bludgeon Duvessa!
Duvessa is severely wounded.
You constrict Duvessa. The hound closely misses you.
Duvessa closely misses you. Dowan hits you with a +0 dagger.
You bludgeon Duvessa!
You tentacle-slap Duvessa, but do no damage.
Duvessa is almost dead.
You constrict Duvessa, but do no damage.
The hound bites you.
* * * LOW HITPOINT WARNING * * *
Duvessa hits you with a +0 rapier!
* * * LOW HITPOINT WARNING * * *
Dowan says, "My weaknesses are her strengths!"
Dowan hits you with a +0 dagger!
You die...

#....<..# #.......#
#.......####
...........#
#.......##<# #
######.....## ...
...####....#########....
.[..............e.....#
...####..##....hh.#
#.......e##....#
...)..>.......####.#
..###.#.....#..# #
#.#.....##.g#
#.#.##.....e..
#...##...#.#e..
##...##.......# ##..
##... .#


You could see Duvessa, Dowan and a hound.

Vanquished Creatures
  A black bear (D:4)
  A phantom (D:5)
  A scorpion (D:4)
  A bombardier beetle (D:4)
  A sleepcap (D:5)
  Jessica (D:3)
  Terence (D:3)
  Natasha (D:2)
  2 gnolls
  4 adders
  4 dart slugs
  4 ribbon worms
  3 orcs (D:4)
  3 endoplasms
  3 giant cockroaches
  11 goblins
  9 hobgoblins
  8 jackals (D:2)
  5 quokkas
  7 ball pythons
  6 bats
  6 frilled lizards
  2 kobolds
  5 rats
90 creatures vanquished.

Notes
Turn   | Place    | Note
-------+----------+-------------------------------------------
     0 | D:1      | timneilson the Octopode Shapeshifter began the quest for
                  | the Orb.
     0 | D:1      | Reached XP level 1. HP: 13/13 MP: 1/1
    99 | D:1      | Reached XP level 2. HP: 18/18 MP: 2/2
   263 | D:1      | Reached skill level 1 in Stealth
   263 | D:1      | Reached XP level 3. HP: 5/23 MP: 3/3
  1110 | D:2      | Reached XP level 4. HP: 25/29 MP: 4/4
  1531 | D:2      | Noticed Natasha
  1543 | D:2      | Killed Natasha
  1544 | D:2      | Reached XP level 5. HP: 35/35 MP: 5/5
  1820 | D:3      | Noticed Terence
  1828 | D:3      | Killed Terence
  1849 | D:3      | Found a transporter.
  1940 | D:3      | Noticed Jessica
  1953 | D:3      | Killed Jessica
  2021 | D:3      | Found a transporter.
  2027 | D:3      | Noticed a small abomination
  2040 | D:3      | Noticed runemasterragnar's ghost (weakling DrSh)
  2199 | D:3      | Found a one-way gate to the infinite horrors of the Abyss.
  2315 | D:4      | Reached XP level 6. HP: 39/41 MP: 6/6
  2702 | D:4      | Found an ornate altar of the Wu Jian Council.
  2803 | D:4      | Noticed a black bear
  2812 | D:4      | Killed a black bear
  3164 | D:5      | Entered Level 5 of the Dungeon
  3172 | D:5      | Reached XP level 7. HP: 46/46 MP: 7/7
  3247 | D:5      | Noticed Duvessa
  3247 | D:5      | Noticed Dowan
  3264 | D:5      | HP: 2/46 [Duvessa/+0 rapier (10)]
  3264 | D:5      | Slain by Dowan

Illustrated notes

Levels and vault maps discovered:
D:1:      lightli_arrival_chessboard, layout_basic, minmay_misc_feat_roman,
          hangedman_abyss_or_decor_lesser_grid
D:2:      layout_loops_ring, minmay_randomly_rotated_circles, uniq_natasha
D:3:      layout_loops_ring, gammafunk_ghost_abyssal_escape,
          amcnicky_mini_corridor_feature, uniq_jessica, uniq_terence
D:4:      layout_loops_ring, nzn_wu_jian_contemplation
D:5:      layout_rooms, gup_sewer_entry_glass, solitary_fountain,
          kennysheep_another_room, uniq_duvessa

Skill      XL: |  1  2  3  4  5  6  7 |
---------------+----------------------+-----
Stealth        | 1 2 3 |  3.2
Fighting       | 2 3 |  3.5
Dodging        | 3 4 |  4.0
Unarmed Combat | 4 |  4.5
Shapeshifting  | 4 |  4.2

Action                     |  1- 3 |  4- 6 |  7- 9 || total
---------------------------+-------+-------+-------++-------
  Melee: Unarmed           |    73 |   103 |    15 ||   191
         Constrict         |    18 |    29 |     2 ||    49
         Tentacles         |    13 |    31 |     3 ||    47
         Punch             |     1 |     3 |     1 ||     5
    Use: Scroll            |     3 |     7 |       ||    10
   Stab: Sleeping          |    10 |    19 |       ||    29
         Distracted        |     1 |       |       ||     1
 Armour: Skin              |    25 |    38 |    14 ||    77
  Dodge: Dodged            |    43 |    49 |    14 ||   106

Table legend: (Time is in decaauts)
 A = Elapsed time spent in this place.
 B = Non-inter-level travel time spent in this place.
 C = Inter-level travel time spent in this place.
 D = Time resting spent in this place.
 E = Time spent auto-exploring this place.
 F = Levels seen in this place.
 G = Mean time per level.
                   A        B        C        D        E       F      G
               +--------+--------+--------+--------+--------+-----+--------+
         Total |   3250 |   3134 |    116 |    240 |   2046 |   5 |  650.0 |
       Dungeon |   3250 |   3134 |    116 |    240 |   2046 |   5 |  650.0 |
               +--------+--------+--------+--------+--------+-----+--------+

Top non-repeatable levels by time:
     D:4: 856 daAuts
     D:2: 828 daAuts
     D:1: 800 daAuts
     D:3: 666 daAuts
     D:5: 98 daAuts
